 Dungeon Crawl Stone Soup version 0.26-a0-663-g36e8fdb655 (webtiles) character file.

Game seed: 488891652480580118

431 Gargoyl the Skirmisher (level 7, 0/88 HPs)
             Began as a Gnoll Abyssal Knight on Oct 11, 2020.
             Was a Believer of Lugonu.
             Succumbed to kobold's curare-tipped dart
             ... on level 3 of the Dungeon.
             The game lasted 00:03:26 (1500 turns).

Gargoyl the Skirmisher (Gnoll Abyssal Knight)       Turns: 1500, Time: 00:03:27

Health: 0/88       AC: 23    Str: 14 (16) XL:     7   Next: 0%
Magic:  10/10      EV:  2    Int: 12 (15) God:    Lugonu [**....]
Gold:   189        SH:  0    Dex: 11 (14) Spells: 10/10 levels left

rFire    . . .     SeeInvis .   d - +2 hand axe (distort)
rCold    . . .     Faith    .   (no shield)
rNeg     + + +     Spirit   .   (armour currently unavailable)
rPois    +         Reflect  .   (helmet currently unavailable)
rElec    .         Harm     .   (cloak currently unavailable)
rCorr    .         Rampage  .   (gloves currently unavailable)
MR       .....     NoTele   +   (boots currently unavailable)
Stlth    ++........             (no amulet)
HPRegen  0.24/turn              (no ring)
MPRegen  0.12/turn              (no ring)

@: mighty, lethally poisoned (0 -> -6), tree-form, stab, hasted and slowed
A: distributed training, strong nose
a: Depart the Abyss, Bend Space, Renounce Religion


You were on level 3 of the Dungeon.
You worshipped Lugonu.
Lugonu was pleased with you.
You were a tree.
You visited 1 branch of the dungeon, and saw 4 of its levels.
You visited the Abyss 1 time.

You collected 189 gold pieces.

Inventory:

Hand Weapons
 a - a +1 hand axe
 c - a +0 vorpal hand axe
 d - a +2 hand axe of distortion (weapon)
Armour
 e - a +0 ring mail (melded)
Scrolls
 j - a scroll of fog {unknown}
Potions
 g - a potion of might


   Skills:
 + Level 6.9 Fighting
 + Level 2.2 Short Blades
 + Level 2.2 Long Blades
 + Level 5.1 Axes
 + Level 2.2 Maces & Flails
 + Level 2.2 Polearms
 + Level 2.2 Staves
 + Level 2.2 Slings
 + Level 2.2 Bows
 + Level 2.2 Crossbows
 + Level 2.2 Throwing
 + Level 5.1 Armour
 + Level 3.4 Dodging
 + Level 2.2 Stealth
 + Level 2.2 Shields
 + Level 2.2 Unarmed Combat
 + Level 2.2 Spellcasting
 + Level 1.7 Conjurations
 + Level 1.7 Hexes
 + Level 1.7 Summonings
 + Level 1.7 Necromancy
 + Level 1.7 Translocations
 + Level 1.7 Transmutations
 + Level 1.7 Fire Magic
 + Level 1.7 Ice Magic
 + Level 1.7 Air Magic
 + Level 1.7 Earth Magic
 + Level 1.7 Poison Magic
 + Level 5.2 Invocations
 + Level 2.2 Evocations


You had 10 spell levels left.
You didn't know any spells.
Your spell library was empty.

Dungeon Overview and Level Annotations

Branches:
Dungeon (4/15)
 Temple: D:4-7

Altars:
Cheibriados
Okawaru
Wu Jian

Annotations:
Abyss:1 Terence


Innate Abilities, Weirdness & Mutations

Your experience applies equally to all skills.
((You have very sharp teeth.))
Your uncanny sense of smell can sniff out nearby items.


Message History

Your +0 ring mail melds into your body.
Your roots penetrate the ground.
* * * LOW HITPOINT WARNING * * *
You feel sick.
It was a potion of degeneration.
There was something very wrong with that liquid.
You feel weakened.
You feel dopey.
You feel clumsy.
* * * LOW HITPOINT WARNING * * *
You feel sick. The orc completely misses you.
The orc throws a boomerang.
The boomerang hits you but does no damage.
The weapon returns to the orc!
It was a potion of flight.
Your roots keep you in place.
* * * LOW HITPOINT WARNING * * *
You feel sick. The orc hits you but does no damage.
The orc throws a boomerang.
The boomerang barely misses you.
The weapon returns to the orc!
Unknown command.
You slash the orc!
You kill the orc!
Lugonu accepts your kill.
You have reached level 7!
You die...

##### #### ..... ..#
#... #.# ########
###...###.#######......#
........).().)..........
##......(#######.......
#.....(.# #.......
#....♣..# ####.#..
####))..# #..... ..o...#
#....[ ........# #.....
..........# #####.
........... .....
#.......#### .#####
#..>...?. ....... ∆
.......


You could see an orc.

Vanquished Creatures
  An ogre (D:4)
  An orc priest (D:3)
  2 orc wizards (D:3)
  3 gnolls (D:4)
  2 adders
  2 worms
  A dart slug (D:1)
  A leopard gecko (D:1)
  17 orcs
  4 giant cockroaches
  2 goblins
  4 hobgoblins
  8 jackals
  A quokka (D:2)
  2 ball pythons (D:1)
  5 bats
  3 frilled lizards (D:2)
  6 kobolds
  5 rats
70 creatures vanquished.

Notes
Turn   | Place    | Note
-------+----------+-------------------------------------------
     0 | Abyss:1  | Gargoyl the Gnoll Abyssal Knight began the quest for the
                  | Orb.
     0 | Abyss:1  | Reached XP level 1. HP: 23/23 MP: 3/3
     0 | Abyss:1  | Found an ornate altar of the Wu Jian Council.
    40 | Abyss:1  | Noticed an ancient zyme
    41 | D:1      | Escaped the Abyss
   404 | D:1      | Reached XP level 2. HP: 29/29 MP: 5/5
   943 | D:2      | Reached * piety under Lugonu
  1031 | D:2      | Reached XP level 3. HP: 35/35 MP: 6/6
  1046 | D:2      | Found a snail-covered altar of Cheibriados.
  1164 | D:2      | You fall into a shaft and drop 2 floors!
  1165 | D:4      | Noticed a centaur
  1165 | D:4      | Noticed an ogre
  1166 | D:4      | Reached skill level 1 in Short Blades
  1166 | D:4      | Reached skill level 1 in Long Blades
  1166 | D:4      | Reached skill level 1 in Maces & Flails
  1166 | D:4      | Reached skill level 1 in Polearms
  1166 | D:4      | Reached skill level 1 in Staves
  1166 | D:4      | Reached skill level 1 in Slings
  1166 | D:4      | Reached skill level 1 in Bows
  1166 | D:4      | Reached skill level 1 in Crossbows
  1166 | D:4      | Reached skill level 1 in Throwing
  1166 | D:4      | Reached skill level 1 in Stealth
  1166 | D:4      | Reached skill level 1 in Shields
  1166 | D:4      | Reached skill level 1 in Unarmed Combat
  1166 | D:4      | Reached skill level 1 in Spellcasting
  1166 | D:4      | Reached skill level 1 in Evocations
  1167 | D:4      | Reached XP level 4. HP: 41/41 MP: 7/7
  1174 | D:4      | Banished a centaur
  1174 | D:4      | Reached skill level 1 in Conjurations
  1174 | D:4      | Reached skill level 1 in Hexes
  1174 | D:4      | Reached skill level 1 in Summonings
  1174 | D:4      | Reached skill level 1 in Necromancy
  1174 | D:4      | Reached skill level 1 in Translocations
  1174 | D:4      | Reached skill level 1 in Transmutations
  1174 | D:4      | Reached skill level 1 in Fire Magic
  1174 | D:4      | Reached skill level 1 in Ice Magic
  1174 | D:4      | Reached skill level 1 in Air Magic
  1174 | D:4      | Reached skill level 1 in Earth Magic
  1174 | D:4      | Reached skill level 1 in Poison Magic
  1174 | D:4      | Reached XP level 5. HP: 35/47 MP: 8/8
  1175 | D:4      | Killed an ogre
  1175 | D:4      | Reached skill level 5 in Invocations
  1175 | D:4      | Reached XP level 6. HP: 40/53 MP: 9/9
  1243 | D:3      | Found an iron altar of Okawaru.
  1243 | D:3      | Noticed Terence
  1247 | D:3      | Reached ** piety under Lugonu
  1251 | D:3      | Reached skill level 5 in Axes
  1251 | D:3      | Reached skill level 5 in Armour
  1260 | D:3      | Banished Terence
  1377 | D:3      | Found an ornate altar of the Wu Jian Council.
  1498 | D:3      | HP: 2/79 [poisoned by kobold (curare-tipped dart)]
  1500 | D:3      | Reached XP level 7. HP: 1/59 MP: 10/10
  1500 | D:3      | Succumbed to kobold's curare-tipped dart

Illustrated notes

Levels and vault maps discovered:
D:1:      dpeg_arrival_prison, layout_basic
D:2:      layout_loops_ring, cheibriados_altar_1
D:3:      layout_basic, overflow_temple_1_default, minmay_misc_feat_tiny,
          okawaru_trees_1, uniq_terence
D:4:      layout_basic, serial_shops, nicolae_shop_waterfront,
          evilmike_ruin_ashenzari, uniq_blork_the_orc

Skill      XL: |  1  2  3  4  5  6 |
---------------+-------------------+-----
Short Blades   | 1 2 |  2.2
Long Blades    | 1 2 |  2.2
Maces & Flails | 1 2 |  2.2
Polearms       | 1 2 |  2.2
Staves         | 1 2 |  2.2
Slings         | 1 2 |  2.2
Bows           | 1 2 |  2.2
Crossbows      | 1 2 |  2.2
Throwing       | 1 2 |  2.2
Stealth        | 1 2 |  2.2
Shields        | 1 2 |  2.2
Unarmed Combat | 1 2 |  2.2
Spellcasting   | 1 2 |  2.2
Evocations     | 1 2 |  2.2
Dodging        | 3 |  3.4
Conjurations   | 1 |  1.7
Hexes          | 1 |  1.7
Summonings     | 1 |  1.7
Necromancy     | 1 |  1.7
Translocations | 1 |  1.7
Transmutations | 1 |  1.7
Fire Magic     | 1 |  1.7
Ice Magic      | 1 |  1.7
Air Magic      | 1 |  1.7
Earth Magic    | 1 |  1.7
Poison Magic   | 1 |  1.7
Invocations    | 5 |  5.2
Axes           | 5 |  5.1
Armour         | 5 |  5.1
Fighting       | |  6.9

Action                   |  1- 3 |  4- 6 |  7- 9 || total
-------------------------+-------+-------+-------++-------
Melee: Hand axe          |    61 |    72 |       ||   133
       Bite              |     3 |     4 |       ||     7
Invok: Depart the Abyss  |     1 |       |       ||     1
  Use: Scroll            |     2 |       |       ||     2
       Potion            |       |     6 |       ||     6
Armor: Ring mail         |    27 |    22 |       ||    49
       Skin              |       |     2 |       ||     2
Dodge: Dodged            |    52 |    60 |       ||   112

Table legend: (Time is in decaauts)
 A = Elapsed time spent in this place.
 B = Non-inter-level travel time spent in this place.
 C = Inter-level travel time spent in this place.
 D = Time resting spent in this place.
 E = Time spent auto-exploring this place.
 F = Levels seen in this place.
 G = Mean time per level.
                   A        B        C        D        E       F      G
               +--------+--------+--------+--------+--------+-----+--------+
         Total |   1511 |   1479 |     32 |     20 |   1024 |   5 |  302.2 |
       Dungeon |   1470 |   1438 |     32 |     20 |    993 |   4 |  367.5 |
         Abyss |     40 |     40 |      0 |      0 |     31 |   1 |   40.0 |
               +--------+--------+--------+--------+--------+-----+--------+

Top non-repeatable levels by time:
     D:1: 753 daAuts
     D:2: 373 daAuts
     D:3: 263 daAuts
     D:4: 80 daAuts
 Abyss:1: 40 daAuts
